Map: Orbital Shipyard

Players

vatueil - Winner!

  • Race: Zerg Zerg

LilDicky

  • Race: Zerg Zerg
  • League: Diamond

VOD

http://www.twitch.tv/tumescentpie

Description

Time

  • Played on: Dec. 15, 2015, 8:40 p.m.
  • Length: 13:57
Show
View Real Time Build Order
Export as new Build Order

vatueil Zerg - Winner!

Build Orders: Pool First, Zergling Baneling 

Get SALT Encoding   

  12  0:01  Drone  
  13  0:10  Drone  
  14  0:28  Spawning Pool  
  13  0:32  Drone  
  13  0:35  Extractor  
  13  0:39  Drone  
  14  0:43  Extractor  
  14  0:44  Drone  
  14  0:48  Overlord  
  15  1:07  Drone x2  
  17  1:19  Queen  
  19  1:36  Hatchery  
  18  1:42  Metabolic Boost  
  18  1:47  Drone  
  18  1:51  Drone  
  20  1:57  Overlord  
  20  2:04  Overlord  
  20  2:14  Baneling Nest  
  19  2:20  Zergling x4  
  21  2:30  Zergling x4  
  21  2:35  Queen  
  24  2:56  Zergling x8  
  25  3:13  Zergling x10  
  30  3:25  Queen  
  32  3:27  Zergling x6  
  32  3:30  Baneling  
  32  3:31  Baneling  
  32  3:46  Drone x3  
  35  3:49  Baneling x3  
  35  3:50  Baneling  
  30  4:02  Zergling x8  
  33  4:17  Zergling x8  
  36  4:24  Baneling  
  36  4:25  Baneling x3  
  36  4:26  Baneling  
  36  4:30  Zergling x6  
  38  4:41  Zergling x8  
  41  4:55  Drone x5  
  37  5:14  Queen x2  
  35  5:18  Zergling x4  
  41  5:26  Zergling x6  
  44  5:29  Overlord  
  44  5:33  Drone x2  
  40  5:55  Zergling x12  
  46  6:12  Drone x6  
  46  6:16  Lair  
  45  6:36  Zergling x14  
  52  6:41  Overlord x3  
  51  7:01  Drone  
  51  7:08  Zergling x6  
  55  7:12  Baneling  
  55  7:13  Baneling x7  
  55  7:18  Hatchery  
  54  7:24  Drone  
  54  7:25  Drone  
  54  7:29  Hatchery  
  55  7:37  Zergling x12  
  61  7:48  Zergling x4  
  63  7:55  Zergling x4  
  63  7:56  Zergling x8  
  69  8:13  Zergling x8  
  73  8:21  Drone x2  
  73  8:23  Drone  
  73  8:24  Overlord x3  
  76  8:37  Zergling x6  
  76  8:38  Zergling x4  
  81  8:47  Infestation Pit  
  80  9:06  Drone x10  
  90  9:11  Zergling x8  
  94  9:20  Zergling x8  
  94  9:23  Evolution Chamber  
  97  9:24  Evolution Chamber  
  96  9:43  Zergling x24  
  108  9:49  Hatchery, Zergling x8  
  111  9:54  Zerg Ground Armor Level 1, Zerg Melee Weapons Level 1  
  111  10:03  Zergling x2  
  111  10:06  Overlord x5  
  112  10:16  Overlord  
  112  10:17  Overlord x2  
  103  10:37  Zergling x12  
  103  10:38  Zergling x14  
  109  10:47  Zergling x12  
  109  10:48  Zergling x4  
  106  10:50  Queen x4  
  112  10:57  Spore Crawler  
  112  10:59  Spore Crawler  
  112  11:00  Spore Crawler  
  70  11:30  Spore Crawler  
  70  11:31  Spore Crawler  
  67  11:38  Zergling x18  
  60  12:23  Overlord  
  60  12:24  Overlord x2  
  60  12:41  Queen  
  62  12:55  Overlord x3  
  62  13:12  Overlord  
  62  13:15  Drone x2  
Show
View Real Time Build Order
Export as new Build Order

LilDicky Zerg 

Build Orders: Pool First, Zergling Baneling 

Get SALT Encoding   

  12  0:03  Drone  
  13  0:09  Drone  
  14  0:24  Overlord  
  14  0:25  Overlord  
  14  0:32  Extractor  
  14  0:33  Drone  
  14  0:49  Spawning Pool  
  13  0:51  Drone  
  14  0:59  Drone x2  
  16  1:08  Drone  
  17  1:26  Drone  
  18  1:35  Queen  
  20  1:40  Metabolic Boost  
  20  1:45  Zergling x4  
  22  1:59  Zergling x2  
  22  2:00  Baneling Nest  
  22  2:01  Zergling x2  
  23  2:12  Zergling x2  
  24  2:24  Zergling x2  
  25  2:39  Zergling x2  
  26  2:47  Baneling  
  26  2:48  Baneling  
  26  2:49  Baneling x2  
  26  2:50  Zergling x6  
  29  2:53  Zergling x2  
  28  3:02  Zergling x2  
  26  3:14  Zergling x2  
  26  3:31  Baneling  
  26  3:34  Zergling x6  
  28  3:44  Overlord  
  27  4:05  Baneling  
  26  4:14  Zergling x2  
  26  4:15  Zergling x6  
  29  4:29  Baneling x3  
  29  4:30  Zergling x2  
  29  4:34  Overlord  
  29  4:48  Zergling x2  
  26  5:05  Zergling x2  
  26  5:06  Zergling x6  
  28  5:14  Baneling x2  
  26  5:22  Zergling x2  
  26  5:23  Zergling x2  
  28  5:28  Hatchery  
  28  5:35  Zergling x6  
  26  5:42  Queen  
  25  5:59  Baneling x4  
  25  6:03  Drone x5  
  30  6:10  Extractor  
  26  6:30  Zergling x10  
  31  6:35  Lair  
  31  6:49  Drone  
  31  6:50  Drone  
  31  6:51  Drone x2  
  34  6:59  Baneling x2  
  33  7:15  Drone x5  
  37  7:20  Extractor  
  37  7:21  Drone  
  38  7:24  Drone  
  38  7:26  Drone  
  38  7:27  Drone x2  
  42  7:35  Drone, Spire  
  42  7:36  Drone  
  43  7:43  Overlord x2  
  43  7:48  Drone  
  44  8:01  Drone x6  
  44  8:04  Overlord  
  50  8:17  Drone x2  
  52  8:37  Extractor  
  51  8:49  Mutalisk x4  
  51  8:51  Overlord  
  59  8:56  Spine Crawler  
  59  8:57  Spine Crawler  
  59  8:58  Spine Crawler x2  
  59  9:01  Mutalisk, Spine Crawler  
  59  9:02  Mutalisk x2  
  64  9:13  Hatchery, Overlord x2  
  64  9:14  Mutalisk x2  
  67  9:29  Overlord x2  
  67  9:41  Drone  
  67  9:42  Drone x6  
  67  9:43  Spine Crawler  
  73  9:50  Mutalisk x3  
  79  10:18  Spine Crawler  
  79  10:20  Spine Crawler  
  71  10:47  Zergling x2  
  71  10:48  Zergling x26  
  81  10:57  Mutalisk  
  81  10:58  Mutalisk  
  64  11:36  Hatchery  
  49  11:54  Hatchery  
  36  12:31  Hatchery  
  34  12:59  Hatchery  
Tags
 
Add a new tag
Caveats
  • Supply blocks, unpowered buildings, or Contaminate may cause inaccurate times.
  • Supply counts are checked every 10 seconds.